 Dungeon Crawl Stone Soup version 0.29-a0-973-gac7da5f7f0 (webtiles) character file.

Game seed: 17342200556723756962

5541 Monkooky the Cleaver (level 10, -17/136 HPs)
             Began as a Minotaur Fighter on July 31, 2022.
             Was a Follower of Wu Jian.
             Demolished by a death yak (24 damage)
             ... on level 7 of the Dungeon.
             The game lasted 00:20:58 (10406 turns).

Monkooky the Cleaver (Minotaur Fighter)            Turns: 10406, Time: 00:20:58

Health: -17/136    AC: 10    Str: 25    XL:     10   Next: 43%
Magic:  9/9        EV:  8    Int:  5    God:    Wu Jian [*.....]
Gold:   461        SH:  5    Dex: 10    Spells: 9/9 levels left

rFire   + . .      SeeInvis .   F - +0 battleaxe
rCold   . . .      Faith    .   (shield currently unavailable)
rNeg    . . .      Spirit   .   u - +0 chain mail
rPois   .          Reflect  +   (helmet restricted)
rElec   .          Harm     .   (no cloak)
rCorr   .          Rampage  .   (no gloves)
Will    .....                   (no boots)
Stlth   ..........              t - amulet of reflection
HPRegen 0.32/turn               q - ring of protection from fire
MPRegen 0.11/turn               (no ring)

@: berserking, about to teleport, very quick
A: horns 2, retaliatory headbutt
a: Renounce Religion


You were on level 7 of the Dungeon.
You worshipped Wu Jian.
Wu Jian was aware of your devotion.
You visited 2 branches of the dungeon, and saw 9 of its levels.
You also visited: Sewer.

You collected 461 gold pieces.

Inventory:

Hand Weapons
 a - a +0 war axe
 D - a +3 hand axe of flaming
 F - a +0 battleaxe (weapon)
Missiles
 y - 6 poisoned darts
 B - 2 throwing nets
Armour
 b - a +0 scale mail
 c - a +0 buckler
 u - a +0 chain mail (worn)
 G - a +2 ring mail of positive energy
Jewellery
 m - an amulet of magic regeneration
 q - a ring of protection from fire (left hand)
 t - an amulet of reflection (around neck)
Wands
 e - a wand of flame (25)
 k - a wand of light (1) (quivered)
Scrolls
 f - a scroll of summoning
 g - a scroll of noise
 h - 7 scrolls of poison
 i - 6 scrolls of teleportation
 l - 4 scrolls of enchant armour {unknown}
 n - a scroll of blinking
 o - 2 scrolls of butterflies {unknown}
 s - a scroll of torment {unknown}
 w - 2 scrolls of acquirement {unknown}
 x - a scroll of silence {unknown}
 A - a scroll of magic mapping
Potions
 j - 2 potions of attraction
 p - a potion of magic {unknown}
 v - a potion of curing
 z - a potion of brilliance {unknown}
 C - a potion of degeneration {unknown}
 E - a potion of lignification {unknown}


   Skills:
 - Level 9.2 Fighting
 + Level 11.4 Axes
 - Level 7.7 Armour
 - Level 3.8 Shields
 - Level 7.9 Evocations


You had 9 spell levels left.
You didn't know any spells.
Your spell library contained the following spells:

 Spells                   Type           Power      Damage    Failure   Level
 Foxfire                  Conj/Fire      0%         2x1d4     96%         1
 Conjure Flame            Conj/Fire      0%         6-21      100%        3
 Inner Flame              Hex/Fire       0%         N/A       100%        3
 Animate Dead             Necr           0%         N/A       100%        4
 Flame Wave               Conj/Fire      0%         2d4       100%        4
 Haunt                    Necr/Summ      0%         N/A       100%        7
 Infestation              Necr           0%         N/A       100%        8


Dungeon Overview and Level Annotations

Branches:
Dungeon (8/15)             Temple (1/1) D:4           Sewer (visited)
   Lair: D:8-11

Altars:
Cheibriados
Dithmenos
Gozag
Hepliaklqana
Kikubaaqudgha
Makhleb
Okawaru
Qazlal
Ru
Sif Muna
Trog
Uskayaw
Vehumet
Wu Jian
Xom
Yredelemnul
Zin
The Shining One

Annotations:
D:7 exclusion: downstairs


Innate Abilities, Weirdness & Mutations

You have a pair of horns on your head.
You reflexively headbutt those who attack you in melee.


Message History

The centaur wields a +0 shortbow.
The centaur shoots an arrow.
You reflect the arrow off an invisible shield around you!
The arrow hits the centaur but does no damage.
You climb upwards.
There is a stone staircase leading down here.
(D) Dungeon (T) Temple
Where to? (Enter - D:8, ? - help)
What level of the Dungeon? (default 1, ? - help)
There is a stone staircase leading down here.
You climb downwards.
The death yak bellows!
There is a stone staircase leading up here.
There are monsters nearby!
Unknown command.
The bullfrog hits you but does no damage.
The death yak gores you!!
You climb upwards.
Level annotation: exclusion: downstairs
There is a stone staircase leading down here.
Unknown command.
You hit the death yak but do no damage. Your headbutt misses the death yak.
You slash the bullfrog!
The bullfrog hits you but does no damage.
The death yak gores you!! The bullfrog misses you.
Unknown command.
As you read the scroll labelled VIJUSCH ICUIWU, it crumbles to dust.
You feel strangely unstable.
It was a scroll of teleportation.
The bullfrog hits you. The death yak gores you!!
* * * LOW HITPOINT WARNING * * *
The bullfrog barely misses you.
Unknown command.
A red film seems to cover your vision as you go berserk!
You feel yourself moving faster!
You feel mighty! The death yak gores you!
* * * LOW HITPOINT WARNING * * *
The bullfrog barely misses you.
You slash the death yak!
The death yak is lightly wounded.
You closely miss the bullfrog. The bullfrog closely misses you.
The death yak gores you!!
You die...

.........†.....###########.#
#...
)###..##..>..........##....#
#.## .#
#..####....######.##.#### #.#
.###..## #....# #.##.# #.#
.......# ##.#.# #.##.# #.##
.###...## #...# #.##.# #...
........####### #.##.# ####
#####[.##^..########.##.# #
#..##..#..#Y@F...##.#########
#
#..#####..#####..............
# #...#...####
##.#####.###### #
#.#.....##.####..## #.# # #
#.###...###.......# #.# # #
#.# ####..#####.#.# #.# # #
#.# #..#..# #.#.# #.# # # #.#
#...#### #.#.# #.# #
#####.########.####.#.####.#
###


You could see a death yak and a bullfrog.

Vanquished Creatures
  A hydra (D:7)
  A death yak (D:7)
  A cyclops (D:7)
  A manticore (D:7)
  A gargoyle (D:7)
  A troll (D:7)
  A hornet (D:6)
  A vampire (D:7)
  2 wraiths (D:7)
  Menkaure (D:5)
  Edmund (D:5)
  A steam dragon (D:5)
  A water moccasin (D:7)
  Pargi (Sewer)
  A black bear (D:4)
  An ice beast (D:6)
  An orc warrior (D:6)
  A centaur (D:7)
  3 ogres
  A bullfrog (D:6)
  2 scorpions
  A necrophage (D:5)
  4 wights (D:7)
  3 hounds
  3 jellies (D:6)
  5 orc priests
  Terence (D:2)
  2 iguanas
  5 orc wizards
  3 gnolls (D:8)
  12 adders
  A shadow imp (D:7)
  A white imp (D:5)
  2 ufetubi
  5 worms
  27 orcs
  5 ball pythons
  4 endoplasms
  9 giant cockroaches
  6 goblins
  7 hobgoblins
  7 jackals
  6 quokkas
  4 bats
  12 frilled lizards
  11 kobolds
  6 rats
177 creatures vanquished.

Vanquished Creatures (others)
  2 plants (D:1)
2 creatures vanquished.

Grand Total: 179 creatures vanquished

Notes
Turn   | Place    | Note
-------+----------+-------------------------------------------
     0 | D:1      | Monkooky the Minotaur Fighter began the quest for the Orb.
     0 | D:1      | Reached XP level 1. HP: 19/19 MP: 0/0
   185 | D:1      | Reached XP level 2. HP: 27/27 MP: 1/1
   256 | D:1      | Reached skill level 3 in Axes
   482 | D:1      | Found a faded altar of an unknown god.
   505 | D:1      | Prayed at the altar of an unknown god.
   505 | D:1      | Became a worshipper of Vehumet
   505 | D:1      | Reached * piety under Vehumet
   505 | D:1      | Offered knowledge of Foxfire by Vehumet.
  1043 | D:1      | Fell from the grace of Vehumet
  1083 | D:2      | Reached XP level 3. HP: 33/33 MP: 2/2
  1233 | D:2      | Reached skill level 4 in Axes
  1320 | D:2      | Noticed Terence
  1334 | D:2      | Killed Terence
  1335 | D:2      | Reached skill level 5 in Axes
  1335 | D:2      | Reached XP level 4. HP: 26/40 MP: 3/3
  2199 | D:3      | Found a radiant altar of Vehumet.
  2229 | D:3      | Found a glowing drain.
  2246 | D:3      | Reached skill level 6 in Axes
  2246 | D:3      | Reached XP level 5. HP: 19/46 MP: 4/4
  2250 | Sewer    | Entered a sewer
  2468 | Sewer    | Noticed Pargi
  2477 | Sewer    | Killed Pargi
  3241 | D:4      | Reached XP level 6. HP: 52/55 MP: 5/5
  3350 | D:4      | Reached skill level 5 in Fighting
  3350 | D:4      | Reached skill level 7 in Axes
  3579 | D:4      | You fall into a shaft and drop 2 floors!
  3650 | D:6      | Noticed an orc warrior
  3671 | D:6      | Killed an orc warrior
  3672 | D:6      | Reached XP level 7. HP: 51/63 MP: 6/6
  3750 | D:6      | Found a hide-covered altar of Uskayaw.
  3776 | D:5      | Entered Level 5 of the Dungeon
  4544 | D:5      | Found a basalt altar of Yredelemnul.
  4806 | D:4      | Reached skill level 8 in Axes
  5058 | D:4      | Found a staircase to the Ecumenical Temple.
  5111 | Temple   | Entered the Ecumenical Temple
  5167 | Temple   | Became a worshipper of the Wu Jian Council
  5494 | D:5      | Noticed Menkaure
  5497 | D:5      | Killed Menkaure
  5498 | D:5      | Reached skill level 5 in Armour
  5503 | D:5      | Reached XP level 8. HP: 60/73 MP: 7/7
  6011 | D:5      | Found a burning altar of Makhleb.
  6210 | D:5      | Noticed Edmund
  6232 | D:5      | Killed Edmund
  6233 | D:5      | Reached skill level 9 in Axes
  6816 | D:6      | Found a shimmering blue altar of Sif Muna.
  6973 | D:6      | Noticed a hornet
  6976 | D:6      | Paralysed by a hornet for 1 turns
  6979 | D:6      | Killed a hornet
  7134 | D:6      | Was forgiven by Vehumet
  7877 | D:6      | Reached XP level 9. HP: 70/81 MP: 8/8
  8162 | D:7      | Reached skill level 5 in Evocations
  8231 | D:7      | Reached * piety under Wu Jian
  8475 | D:7      | Noticed a troll
  8476 | D:7      | Noticed a seven-headed hydra
  8505 | D:7      | Killed a troll
  8712 | D:7      | Killed a four-headed hydra
  8807 | D:7      | Noticed a cyclops
  8826 | D:7      | Killed a cyclops
  8864 | D:7      | Noticed a manticore
  8871 | D:7      | Killed a manticore
  8872 | D:7      | Reached XP level 10. HP: 58/90 MP: 9/9
  9217 | D:7      | Reached skill level 10 in Axes
  9518 | D:7      | Noticed a gargoyle
  9525 | D:7      | Killed a gargoyle
 10214 | D:8      | Noticed a death yak
 10233 | D:7      | Killed a death yak
 10234 | D:7      | Reached skill level 11 in Axes
 10377 | D:8      | Noticed a death yak
 10400 | D:8      | Noticed a death yak
 10406 | D:7      | Demolished by a death yak

Illustrated notes

Levels and vault maps discovered:
D:1:      dpeg_arrival_ternary, layout_loops_ring,
          shapermc_ecumenical_altar_pompeii, dreamdust_princess_corridor,
          minmay_misc_feat_enclosed, grunt_decor_one_mirror, minmay_lizard_king
D:2:      layout_rooms, uniq_terence
D:3:      layout_loops_ring, vehumet_altar_wand_db, portal_sewer_entry_f,
          minivault_27
D:4:      layout_loops_cross, temple_green, glass_columns_b, minmay_quantized
D:5:      mumra_celtic_spiral_tile, layout_basic,
          mainiacjoe_overflow_six_doors_small, mainiacjoe_overflow_brackets,
          minmay_crystal_water, kennysheep_another_room, uniq_menkaure,
          uniq_edmund
D:6:      layout_gridville, kennysheep_orc_sif_temple,
          mainiacjoe_overflow_small_starburst, kennysheep_dice
D:7:      minmay_blocky_corners, layout_loops_ring
D:8:      layout_loops_ring, ashenzari_conservatory_becter,
          mainiacjoe_overflow_two_lobes, dpeg_lair_monsters
Temple:   nicolae_temple_god_jail

Skill      XL: |  1  2  3  4  5  6  7  8  9 10 |
---------------+-------------------------------+-----
Axes           | 3 5 6 7 8 9 11 | 11.4
Fighting       | 4 6 7 8 9 |  9.2
Armour         | 5 6 7 |  7.7
Evocations     | 4 7 |  7.9
Shields        | |  3.8

Action                   |  1- 3 |  4- 6 |  7- 9 | 10-12 || total
-------------------------+-------+-------+-------+-------++-------
Melee: War axe           |    67 |   118 |   194 |    45 ||   424
       Headbutt          |     7 |    12 |    48 |     9 ||    76
       Hand axe          |       |       |    10 |       ||    10
       Battleaxe         |       |       |       |    19 ||    19
Throw: Dart              |       |       |     4 |       ||     4
Invok: Renounce Religion |     1 |       |       |       ||     1
       Lunge             |       |       |    12 |     5 ||    17
Evoke: Wand              |       |     7 |    14 |    11 ||    32
  Use: Scroll            |     1 |     2 |     4 |     2 ||     9
       Potion            |       |       |     2 |    13 ||    15
 Stab: Invisible         |       |     2 |     2 |       ||     4
Armor: Scale mail        |    34 |    47 |       |       ||    81
       Chain mail        |       |     1 |    71 |    23 ||    95
Dodge: Dodged            |    35 |    48 |    50 |    23 ||   156
Block: Buckler           |    12 |    36 |    92 |    12 ||   152
       Reflection        |       |       |     3 |     1 ||     4
       Other             |       |       |       |     6 ||     6

Table legend: (Time is in decaauts)
 A = Elapsed time spent in this place.
 B = Non-inter-level travel time spent in this place.
 C = Inter-level travel time spent in this place.
 D = Time resting spent in this place.
 E = Time spent auto-exploring this place.
 F = Levels seen in this place.
 G = Mean time per level.
                   A        B        C        D        E       F      G
               +--------+--------+--------+--------+--------+-----+--------+
         Total |  10502 |  10176 |    326 |   1469 |   7026 |  10 | 1050.2 |
       Dungeon |  10049 |   9724 |    325 |   1296 |   6873 |   8 | 1256.1 |
        Temple |     65 |     65 |      0 |      0 |     27 |   1 |   65.0 |
         Sewer |    387 |    387 |      0 |    173 |    126 |   1 |  387.0 |
               +--------+--------+--------+--------+--------+-----+--------+

Top non-repeatable levels by time:
     D:7: 2269 daAuts
     D:5: 2066 daAuts
     D:6: 1641 daAuts
     D:4: 1261 daAuts
     D:1: 1085 daAuts
     D:3: 850 daAuts
     D:2: 833 daAuts
   Sewer: 387 daAuts
  Temple: 65 daAuts
     D:8: 40 daAuts
